AoeStats
← Pedro II

Nomad

509553855Analyzed
4v4 RM · 5d ago on Sep 27, 2026· 46m 3s· 8 players
Game mode
Random Map
Map size
231×231
Population
200
Speed
Normal
Resources
Standard
Victory
Conquest
Starting age
Dark Age
Ending age
Imperial Age
RankedLock teamsTeams togetherTeam positionsShared explorationLock speedFull tech treeHidden civsTurbo modeCheats
Victory
Defeat
🇧🇷 Franks · Brazil
732
+11
🇬🇷 Jurchens · Greece
683
+13
🇺🇸 Armenians · United States
677
+13
🇮🇩 Huns · Indonesia
638
+15
🇵🇪 Spanish · Peru
718
-17
🇩🇰 Saracens · Denmark
668
-15
🇨🇦 Franks · Canada
611
-21
🇵🇪 Aztecs · Peru
457
-7
Zatanas6800
5:17 Loom
16:35 Feudal Age
19:54 Double-Bit Axe
25:46 Castle Age
24:57 Stone Mining
25:11 Gold Mining
25:38 Fishing Lines
26:05 Pikeman
28:47 Wheelbarrow
27:58 Town Watch
29:01 Scale Mail Armor
Pedro II
6:02 Loom
6:13 Loom
18:29 Feudal Age
30:22 Fletching
Iran beats trump
15:40 Feudal Age
20:45 Castle Age
18:32 Loom
19:26 Wheelbarrow
20:26 Double-Bit Axe
20:24 Horse Collar
24:42 Heavy Plow
28:50 Fletching
30:57 Redemption
30:59 Fervor
31:54 Wheelbarrow
35:15 Hand Cart
37:03 Bodkin Arrow
37:44 Eagle Warrior
38:43 Forging
42:35 Gold Mining
42:37 Stone Mining
ThuNz QC
ntukis
3:30 Loom
AnarchistOwl
5:00 Loom
20:17 Feudal Age
20:42 Man-at-Arms
22:05 Arson
21:42 Long Swordsman
23:30 Wheelbarrow
23:28 Forging
25:21 Town Watch
25:55 Scale Mail Armor
27:00 Fletching
29:36 Fishing Lines
29:56 Double-Bit Axe
34:53 Castle Age
34:55 Two-Handed Swordsman
35:53 Gambesons
36:42 Bow Saw
38:08 Squires
42:23 Hand Cart
44:04 Town Patrol
45:00 Stone Mining
45:00 Gold Mining
passoswalli
4:16 Loom
20:17 Feudal Age
24:07 Castle Age
24:02 Scale Barding Armor
25:08 Chain Barding Armor
27:56 Forging
29:29 Iron Casting
38:34 Husbandry
44:05 Imperial Age
44:09 Spies/Treason
45:43 Conscription
46:05 Coinage
46:12 Plate Barding Armor
acilr
17:53 Feudal Age
18:42 Double-Bit Axe
19:50 Horse Collar
20:10 Man-at-Arms
26:34 Castle Age
25:14 Stone Mining
25:21 Gold Mining
27:50 Wheelbarrow
27:32 Heavy Plow
27:45 Bow Saw
28:10 Husbandry
27:35 Long Swordsman
32:25 Padded Archer Armor
32:15 Fletching
35:49 Gold Shaft Mining
42:36 Imperial Age
40:22 Hand Cart
39:53 Loom
39:54 Town Watch
40:43 Pikeman
41:24 Squires
42:39 Elite Tarkan
43:21 Marauders
43:41 Atheism
42:53 Sappers
43:26 Capped Ram
45:04 Scale Barding Armor
44:59 Scale Mail Armor
45:15 Forging
Connection lost

Rejoining the realm…

Still unreachable

The connection could not be restored.

Session expired

The server has moved on; the page needs a fresh start.